Map: Glittering Ashes LE

Players

Trap

  • Race: Protoss Protoss

Serral - Winner!

  • Race: Zerg Zerg

Event: TSL 8

VOD

Have the link to the VOD?

Description

Time

  • Played on: Dec. 10, 2021, 6:29 a.m.
  • Length: 14:08

All games in this series

Show
View Real Time Build Order
Export as new Build Order

Trap Protoss 

Build Orders: 1 Gate Expand, Archon Immortal, Archon Drop, Dark Templar Rush 

Get SALT Encoding   

  12  0:00  Probe  
  13  0:13  Pylon  
  13  0:17  Probe (Chrono Boost)  
  14  0:26  Probe (Chrono Boost)  
  15  0:32  Probe  
  16  0:42  Gateway  
  16  0:44  Probe  
  16  0:48  Assimilator  
  17  0:56  Probe  
  18  1:08  Probe  
  19  1:20  Probe  
  19  1:25  Nexus  
  20  1:36  Cybernetics Core  
  20  1:38  Probe  
  21  1:44  Assimilator  
  21  1:50  Probe  
  21  1:54  Pylon  
  22  2:02  Probe  
  23  2:09  Stalker (Chrono Boost)  
  23  2:10  Probe  
  26  2:16  Warp Gate  
  26  2:18  Probe  
  27  2:26  Twilight Council  
  27  2:30  Probe (Chrono Boost)  
  27  2:33  Adept  
  30  2:37  Probe (Chrono Boost)  
  32  2:46  Probe (Chrono Boost)  
  32  2:47  Probe (Chrono Boost)  
  33  2:51  Probe (Chrono Boost)  
  33  2:55  Probe  
  33  2:56  Robotics Facility  
  35  3:03  Probe  
  36  3:07  Probe  
  36  3:09  Gateway  
  37  3:15  Probe  
  37  3:17  Dark Shrine  
  37  3:19  Probe  
  39  3:25  Charge (Chrono Boost)  
  39  3:28  Probe  
  41  3:38  Gateway  
  41  3:40  Warp Prism (Chrono Boost)  
  43  3:49  Pylon  
  43  3:54  Gateway  
  43  3:56  Gateway  
  43  4:00  Gateway  
  43  4:13  Gateway  
  43  4:14  Gateway  
  43  4:16  Probe  
  43  4:20  Pylon  
  43  4:26  Assimilator  
  43  4:33  Dark Templar x2  
  43  4:36  Pylon  
  47  4:55  Zealot x4  
  47  4:56  Archon  
  55  5:01  Pylon  
  55  5:10  Zealot x2, Dark Templar x2  
  63  5:14  Archon  
  63  5:15  Pylon  
  63  5:16  Pylon  
  63  5:21  Zealot x2  
  63  5:22  Zealot x2  
  71  5:32  Dark Templar  
  71  5:33  Zealot  
  69  5:45  Zealot  
  69  5:46  Zealot x3  
  65  5:50  Zealot x2  
  63  6:00  Immortal (Chrono Boost)  
  57  6:12  Probe x2 (Chrono Boost)  
  57  6:14  Dark Templar  
  59  6:22  Zealot x3, Probe x2 (Chrono Boost)  
  67  6:27  Probe x2 (Chrono Boost)  
  69  6:35  Observer (Chrono Boost)  
  69  6:37  Pylon  
  69  6:38  Sentry  
  72  6:40  Forge  
  71  6:56  Immortal (Chrono Boost)  
  75  7:02  Nexus  
  75  7:03  Sentry  
  77  7:10  Protoss Ground Weapons Level 1  
  77  7:26  Immortal (Chrono Boost)  
  77  7:27  Pylon  
  77  7:28  Probe x2  
  81  7:40  Assimilator, Probe x2  
  81  7:43  Pylon  
  83  7:53  Robotics Bay  
  83  7:55  Immortal (Chrono Boost), Probe x2  
  89  8:04  Shield Battery  
  89  8:08  Probe x2  
  91  8:17  Probe  
  91  8:20  Probe  
  91  8:21  Probe  
  91  8:24  Immortal (Chrono Boost), Stalker x3  
  103  8:32  Zealot x3  
  109  8:35  Zealot  
  111  8:49  Probe x3, Shield Battery  
  111  8:52  Pylon  
  111  8:53  Disruptor (Chrono Boost)  
  117  8:56  Zealot  
  119  9:04  Assimilator  
  119  9:06  Blink  
  119  9:08  Assimilator  
  119  9:10  Photon Cannon  
  119  9:17  Protoss Ground Weapons Level 2 (Chrono Boost)  
  119  9:18  Disruptor (Chrono Boost)  
  122  9:24  Probe  
  122  9:25  Probe x2  
  122  9:27  Photon Cannon  
  122  9:28  Pylon  
  125  9:33  Pylon  
  125  9:34  Pylon  
  125  9:39  Photon Cannon  
  125  9:41  Shield Battery  
  125  9:44  Disruptor (Chrono Boost)  
  128  9:50  Pylon  
  128  9:53  Pylon  
  128  10:03  Robotics Facility  
  128  10:09  Nexus  
  128  10:10  Pylon  
  128  10:12  Disruptor, Shield Battery  
  131  10:15  Pylon  
  129  10:32  Shield Battery  
  129  10:33  Photon Cannon  
  129  10:34  Stalker x5  
  139  10:41  Stargate  
  139  10:44  Dark Templar  
  139  10:45  Dark Templar  
  139  10:48  Dark Templar  
  145  10:50  Archon  
  145  10:51  Shield Battery  
  145  10:57  Observer  
  146  11:02  Stargate  
  145  11:04  Stalker x2  
  143  11:20  Stalker  
  143  11:21  Stalker x4  
  143  11:22  Probe x2  
  151  11:26  Probe  
  152  11:35  Probe x3  
  152  11:38  Probe  
  154  11:45  Observer  
  155  11:57  Probe x3  
  155  11:58  Probe  
  155  12:01  Dark Templar x4  
  113  12:20  Stalker x3  
  113  12:21  Stalker  
  114  12:27  Disruptor (Chrono Boost)  
  112  12:32  Disruptor (Chrono Boost)  
  112  12:52  Disruptor (Chrono Boost)  
  112  12:57  Disruptor (Chrono Boost)  
  111  13:11  Dark Templar  
  111  13:12  Zealot x5, Dark Templar  
  121  13:13  Zealot  
  121  13:17  Archon  
  127  13:34  Zealot x2, Dark Templar x2  
Show
View Real Time Build Order
Export as new Build Order

Serral Zerg - Winner!

Build Orders: Hatch First 

Get SALT Encoding   

  12  0:00  Drone  
  13  0:08  Drone  
  14  0:15  Drone, Extractor  
  15  0:21  Overlord  
  15  0:43  Hatchery  
  15  0:47  Drone  
  15  0:50  Drone  
  15  0:54  Drone  
  17  1:08  Spawning Pool  
  16  1:12  Drone  
  16  1:13  Extractor  
  16  1:18  Drone  
  17  1:21  Drone  
  18  1:31  Drone  
  19  1:41  Drone  
  20  1:51  Overlord  
  20  1:55  Queen  
  20  1:56  Queen  
  20  1:58  Zergling x2  
  25  2:02  Zergling x2  
  25  2:07  Drone  
  27  2:13  Drone  
  27  2:15  Metabolic Boost  
  28  2:17  Drone  
  29  2:24  Drone  
  30  2:39  Drone, Hatchery  
  30  2:41  Overlord  
  30  2:48  Queen  
  32  2:52  Drone  
  32  2:53  Drone  
  34  2:59  Drone x2  
  34  3:01  Overlord  
  36  3:06  Drone x2  
  36  3:08  Drone  
  36  3:11  Drone  
  36  3:12  Drone  
  41  3:17  Drone x3  
  44  3:23  Queen  
  46  3:28  Queen  
  46  3:33  Spore Crawler  
  47  3:35  Drone  
  47  3:40  Drone x2  
  47  3:41  Drone x2  
  52  3:46  Roach Warren  
  51  3:51  Queen  
  51  3:52  Drone  
  54  3:58  Drone x2  
  54  4:00  Spore Crawler  
  55  4:03  Overlord  
  55  4:04  Drone x2  
  57  4:10  Drone  
  57  4:12  Drone, Spore Crawler  
  57  4:14  Overlord  
  57  4:16  Overlord  
  58  4:22  Zergling x8  
  62  4:25  Zergling x6  
  62  4:28  Overlord  
  62  4:31  Overlord  
  65  4:35  Lair  
  65  4:38  Extractor  
  64  4:41  Zergling x6  
  67  4:47  Roach x3  
  67  4:48  Drone x2  
  67  4:49  Drone  
  67  4:52  Drone  
  77  4:57  Extractor  
  77  4:58  Drone  
  77  4:59  Drone x3  
  80  5:00  Evolution Chamber  
  80  5:05  Roach x2  
  83  5:09  Roach  
  83  5:13  Roach x2  
  89  5:17  Overlord  
  89  5:22  Roach  
  89  5:27  Overlord x2  
  90  5:31  Roach x3  
  96  5:35  Queen  
  96  5:36  Queen  
  98  5:45  Roach x4  
  93  5:50  Overseer  
  93  5:52  Zergling x6  
  93  5:55  Roach  
  93  5:57  Queen  
  91  6:00  Roach  
  91  6:01  Zergling x2  
  91  6:04  Roach  
  88  6:06  Roach  
  88  6:10  Roach x2  
  90  6:16  Queen, Extractor  
  91  6:22  Queen  
  93  6:28  Roach x3  
  99  6:37  Glial Reconstitution  
  99  6:39  Queen  
  101  6:45  Roach x2  
  101  6:46  Roach  
  107  6:50  Drone  
  107  6:54  Spore Crawler  
  107  6:55  Zerg Missile Weapons Level 1  
  107  7:00  Overlord  
  107  7:04  Roach  
  107  7:05  Overlord  
  108  7:09  Drone x5  
  108  7:13  Drone x2  
  108  7:14  Drone  
  112  7:16  Drone  
  112  7:20  Drone  
  114  7:29  Overlord  
  114  7:31  Overseer  
  114  7:35  Drone x2  
  116  7:38  Roach x2  
  116  7:39  Roach x2  
  116  7:44  Overlord x2, Extractor  
  121  7:45  Overlord  
  121  7:49  Ravager  
  121  7:50  Ravager  
  122  7:53  Roach x2  
  122  7:55  Evolution Chamber  
  126  7:59  Roach x2  
  126  8:00  Baneling Nest  
  129  8:15  Drone x2  
  129  8:16  Drone  
  132  8:20  Drone x2  
  132  8:21  Drone x4  
  132  8:24  Drone x4  
  132  8:26  Drone x3  
  145  8:29  Spire, Extractor  
  145  8:31  Overlord  
  141  8:46  Centrifugal Hooks  
  141  8:53  Roach x6  
  153  8:59  Ravager, Overlord x2  
  154  9:03  Zerg Melee Weapons Level 1  
  154  9:05  Hatchery  
  154  9:06  Overlord  
  153  9:10  Overlord  
  153  9:19  Zergling x20  
  163  9:30  Overlord  
  163  9:33  Zergling x14  
  163  9:34  Zergling x2  
  171  9:53  Mutalisk x8  
  184  10:01  Mutalisk x3  
  184  10:02  Mutalisk  
  184  10:05  Overlord  
  192  10:10  Infestation Pit  
  191  10:15  Drone x2  
  191  10:19  Overlord  
  193  10:26  Drone x7  
  199  10:37  Baneling x20  
  199  10:38  Baneling x5  
  199  10:48  Extractor  
  199  10:49  Hive  
  198  10:53  Hatchery  
  198  10:56  Drone x2  
  197  11:17  Zergling x4  
  199  11:19  Zerg Melee Weapons Level 2  
  197  11:27  Spore Crawler  
  197  11:28  Spine Crawler  
  195  11:33  Drone x5, Evolution Chamber  
  199  11:40  Overseer  
  196  11:56  Drone x5  
  196  11:57  Drone x2  
  192  12:12  Zergling x40  
  193  12:22  Zergling x36  
  196  12:23  Zergling x8  
  196  12:28  Roach x2  
  200  12:31  Adrenal Glands  
  200  12:32  Greater Spire  
  200  12:33  Baneling x18  
  198  12:47  Baneling x16  
  198  12:49  Overseer  
  198  12:57  Zergling x4  
  200  13:04  Spore Crawler  
  200  13:05  Spine Crawler  
  196  13:07  Drone x2  
  196  13:08  Drone  
  198  13:26  Zergling x4  
  200  13:29  Roach Warren  
  200  13:32  Baneling x7  
  167  13:42  Zergling x2  
  167  13:43  Zergling x2  
  167  13:44  Zergling x74  
Tags
 
Add a new tag
Caveats
  • Supply blocks, unpowered buildings, or Contaminate may cause inaccurate times.
  • Supply counts are checked every 10 seconds.